 Dungeon Sprint DCSS version 0.30-a0-34-gbe8da3892a (webtiles) character file.

Game seed: 6172631305740312813

240 mhtbhm the Arsonist (level 5, -4/28 HPs)
             Began as a Deep Elf Fire Elementalist on Aug 27, 2022.
             Was an Initiate of Vehumet.
             Slain by a fire elemental (10 damage)
             ... summoned by a deep elf pyromancer
             ... in the Dungeon (Sprint III: "The Ten Rune Challenge").
             The game lasted 00:02:50 (1090 turns).

mhtbhm the Arsonist (Deep Elf Fire Elementalist)    Turns: 1090, Time: 00:02:51

Health: -4/28      AC:  3    Str:  5    XL:     5   Next: 79%
Magic:  6/18       EV: 14    Int: 22    God:    Vehumet [......]
Gold:   43         SH:  0    Dex: 15    Spells: 9/22 levels left

rFire   . . .      SeeInvis .    n - +2 dagger (venom)
rCold   . . .      Faith    .    (no shield)
rNeg    . . .      Spirit   .    a - +0 robe
rPois   .          Reflect  .    (no helmet)
rElec   .          Harm     .    e - +0 cloak
rCorr   .          Rampage  .    (no gloves)
Will    .....      NoTele   +    (no boots)
Stlth   +++.......               (no amulet)
HPRegen 0.09/turn                (no ring)
MPRegen 0.16/turn                (no ring)

@: no status effects
A: no striking features
a: Renounce Religion


You were in the Dungeon.
You worshipped Vehumet.
Vehumet was noncommittal.
You visited 1 branch You collected 43 gold pieces.

Inventory:

Hand Weapons
 n - a +2 dagger of venom (weapon)
Armour
 a - a +0 robe (worn)
 e - a +0 cloak (worn)
Scrolls
 g - a scroll of immolation {unknown}
 h - a scroll of poison {unknown}
 i - a scroll of amnesia {unknown}
 k - a scroll of torment {unknown}
 l - a scroll of identify {unknown}
Potions
 b - 2 potions of magic
 c - a potion of curing
 f - a potion of berserk rage
 j - 3 potions of flight
 m - 5 potions of mutation


   Skills:
 + Level 0.1 Fighting
 + Level 4.5 Dodging
 + Level 4.3 Stealth
 + Level 9.2 Spellcasting
 + Level 4.3 Conjurations
 + Level 9.5 Fire Magic


You had 9 spell levels left.
You knew the following spells:

 Your Spells              Type           Power      Damage    Failure   Level
a - Foxfire               Conj/Fire      100%       2x1d9     1%          1
b - Scorch                Fire           100%       2d10      1%          2
c - Conjure Flame         Conj/Fire      40%        6-21      1%          3
d - Inner Flame           Hex/Fire       31%        N/A       2%          3
e - Flame Wave            Conj/Fire      40%        2d11      3%          4

Your spell library contained the following spells:

 Spells                   Type           Power      Damage    Failure   Level
 Ozocubu's Armour         Ice            10%        N/A       21%         3
 Ozocubu's Refrigeration  Ice            5%         4d8       100%        7


Dungeon Overview and Level Annotations

Branches:
Dungeon (1/1)

Altars:
Dithmenos
Elyvilon
Kikubaaqudgha
Ru
Sif Muna
Vehumet
Yredelemnul
Zin
The Shining One


Message History

Confirm with . or Enter, or press ? or * to list all spells.
Okay, then.
You aren't carrying any items that you can evoke.
Unknown command.
Casting: Flame Wave (quite dangerous; 3% risk of failure)
Confirm with . or Enter, or press ? or * to list all spells.
Okay, then.
The fire elemental closely misses you.
Casting: Flame Wave (quite dangerous; 3% risk of failure)
Confirm with . or Enter, or press ? or * to list all spells.
The spell is quite dangerous to miscast (3% risk of failure)!
Continue anyway?
Casting: Flame Wave (quite dangerous; 3% risk of failure)
Press: ? - help, Dir - look around, f - activate A wave of flame ripples out!
The flame wave engulfs the fire elemental.
The fire elemental completely resists.
The flame wave engulfs the deep elf pyromancer!
The deep elf pyromancer is burned terribly!
The deep elf pyromancer is almost dead. (Press . to intensify the flame waves.)
The fire elemental closely misses you.
The deep elf pyromancer gestures wildly while chanting.
The deep elf pyromancer blinks!
Unknown command.
Unknown command.
Unknown command.
Casting: Flame Wave (quite dangerous; 3% risk of failure)
Confirm with . or Enter, or press ? or * to list all spells.
Flames lash the fire elemental.
The fire elemental completely resists.
The fire elemental completely misses you.
The deep elf pyromancer points at you and mumbles some strange words.
The sticky flame misses you.
Unknown command.
Casting: Scorch (safe; 1% risk of failure)
Confirm with . or Enter, or press ? or * to list all spells.
Flames lash the fire elemental.
The fire elemental completely resists.
The fire elemental hits you.
* * * LOW HITPOINT WARNING * * *
The fire elemental burns you!
You die...

▓▓▓▓▓▓▓▓ ▓▓▓ <..#...####
##.##### ####
...#....÷.#####..#_°_# #__#
..##.......#..#e.#!..# #._#
##.##.##...#..#..###'#+###)##
##.##.###).##'#..#°.........#
#.####.##..###..@EE°........#
.###..##..####...#...######+#
#...÷.##..###....#.⌠.#
###..##...##.....#.[.#
##..##....#......#)###
#..###..##.#.....#...# #..#
#..#####....#___# ▓▓▓▓ ▓▓▓▓
▓▓▓▓▓▓▓▓▓▓


You could see a deep elf pyromancer (combustible) and 2 fire elementals.

Vanquished Creatures
  A necrophage (D)
  A water elemental (D)
  Crazy Yiuf (D)
  A wizard (D)
  A necromancer (D)
  A kobold demonologist (D)
  A human (D)
  An endoplasm (D)
  3 rats (D)
11 creatures vanquished.

Vanquished Creatures (others)
  37 foxfires (D)
37 creatures vanquished.

Grand Total: 48 creatures vanquished

Notes
Turn   | Place    | Note
-------+----------+-------------------------------------------
     0 | D        | mhtbhm the Deep Elf Fire Elementalist began the quest for
                  | the Orb.
     0 | D        | Reached XP level 1. HP: 10/10 MP: 6/6
   354 | D        | Noticed Crazy Yiuf
   368 | D        | Killed Crazy Yiuf
   369 | D        | Reached XP level 2. HP: 15/15 MP: 3/9
   369 | D        | Reached XP level 3. HP: 19/19 MP: 3/11
   386 | D        | Reached skill level 5 in Spellcasting
   452 | D        | Noticed a water elemental
   488 | D        | Learned a level 2 spell: Scorch
   495 | D        | Killed a water elemental
   496 | D        | Reached XP level 4. HP: 15/24 MP: 8/14
   646 | D        | Learned a level 3 spell: Conjure Flame
   650 | D        | Learned a level 3 spell: Inner Flame
   655 | D        | Learned a level 4 spell: Flame Wave
   672 | D        | Found a radiant altar of Vehumet.
   673 | D        | Found a shimmering blue altar of Sif Muna.
   673 | D        | Found an ancient bone altar of Kikubaaqudgha.
   673 | D        | Noticed a wizard
   680 | D        | Killed a wizard
   681 | D        | Reached XP level 5. HP: 9/28 MP: 1/17
   764 | D        | Became a worshipper of Vehumet
   967 | D        | Found a basalt altar of Yredelemnul.
   967 | D        | Found a shadowy altar of Dithmenos.
   967 | D        | Found a sacrificial altar of Ru.
  1078 | D        | Found a glowing silver altar of Zin.
  1078 | D        | Found a glowing golden altar of the Shining One.
  1078 | D        | Found a white marble altar of Elyvilon.
  1078 | D        | Noticed a deep elf pyromancer
  1081 | D        | Noticed a fire elemental
  1081 | D        | Noticed a fire elemental
  1090 | D        | Slain by a fire elemental

Illustrated notes

Levels and vault maps discovered:
D:        dungeon_sprint_mu [sprint_mu_entry_cave, sprint_mu_temple_rooms,
          sprint_mu_d1_horrors, sprint_mu_d2_genie, sprint_mu_d3_branching,
          sprint_mu_orc_legion, sprint_mu_elf_gauntlet, sprint_mu_hive_nellie,
          sprint_mu_lair_fedhas, sprint_mu_vaults_butterflies,
          sprint_mu_slime_circle, sprint_mu_shoals_kraken,
          sprint_mu_snake_twists, sprint_mu_blade_basic,
          sprint_mu_crypt_chambers, sprint_mu_tomb_spiral,
          sprint_mu_vestibule_basic, sprint_mu_gehenna_hellfire,
          sprint_mu_dis_giant, sprint_mu_tartarus_statrot,
          sprint_mu_cocytus_islands, sprint_mu_zot1]

Skill      XL: |  1  2  3  4  5 |
---------------+----------------+-----
Fire Magic     | 6 7 8 9 |  9.5
Dodging        | 3 4 |  4.5
Stealth        | 3 4 |  4.3
Spellcasting   | 4 6 7 9 |  9.2
Conjurations   | 3 4 |  4.3
Fighting       | |  0.1

Action                   |  1- 3 |  4- 6 || total
-------------------------+-------+-------++-------
 Cast: Foxfire           |    23 |       ||    23
       Scorch            |     1 |    10 ||    11
       Flame Wave        |       |     3 ||     3
  Use: Potion            |     2 |     1 ||     3
       Scroll            |     1 |       ||     1
Armor: Robe              |       |     4 ||     4
Dodge: Dodged            |       |    12 ||    12

Table legend: (Time is in decaauts)
 A = Elapsed time spent in this place.
 B = Non-inter-level travel time spent in this place.
 C = Inter-level travel time spent in this place.
 D = Time resting spent in this place.
 E = Time spent auto-exploring this place.
 F = Levels seen in this place.
 G = Mean time per level.
                   A        B        C        D        E       F      G
               +--------+--------+--------+--------+--------+-----+--------+
         Total |   1076 |   1076 |      0 |    548 |    299 |   1 | 1076.0 |
       Dungeon |   1076 |   1076 |      0 |    548 |    299 |   1 | 1076.0 |
               +--------+--------+--------+--------+--------+-----+--------+

Top non-repeatable levels by time:
       D: 1076 daAuts
